[Event "CZE-ch Open 2019"]
[Site "Ostrava"]
[Date "2019.04.27"]
[Round "1.1"]
[White "Malik, Jan"]
[Black "Navara, David"]
[Result "0-1"]
[ECO "B87"]
[WhiteElo "2286"]
[BlackElo "2733"]
[Annotator "ChessBase"]
[PlyCount "48"]
[EventDate "2019.04.27"]
[EventType "swiss"]
[EventCountry "CZE"]
[SourceTitle "playchess.com"]
[Source "ChessBase"]
[SourceQuality "1"]
[TimeControl "40/5400+30:1800+30"]

1. e4 c5 2. Nf3 d6 3. d4 cxd4 4. Nxd4 Nf6 5. Nc3 a6 6. Bc4 e6 7. Bb3 b5 8. O-O Be7 9. Qf3 Qb6 10. Be3 Qb7 11. a3 O-O 12. g4 Nc6 13. Nxc6 Qxc6 14. g5 Nd7 15. Nd5 Bd8 16. Bd4 Bb7 17. Nc3 Nc5 18. Rfe1 Bxg5 19. Qg2 Bh6 20. Re3 Kh8 21. Rh3 Nxb3 22. cxb3 e5 23. Be3 f5 24. Kh1 f4 0-1

[Event "CZE-ch Open 2019"]
[Site "Ostrava"]
[Date "2019.04.27"]
[Round "1.14"]
[White "Biolek, Richard Jr."]
[Black "Belunek, Vladimir"]
[Result "1-0"]
[ECO "D00"]
[WhiteElo "2442"]
[BlackElo "2201"]
[Annotator "RC"]
[PlyCount "49"]
[EventDate "2019.04.27"]
[EventType "swiss"]
[EventCountry "CZE"]
[SourceTitle "playchess.com"]
[Source "ChessBase"]
[SourceQuality "1"]
[TimeControl "40/5400+30:1800+30"]

1. d4 d5 2. Bf4 Nf6 3. e3 c5 4. Nf3 Nc6 5. Be2 cxd4 6. exd4 Bf5 7. O-O h6 8. c3 e6 9. Qb3 Qc8 10. Ne5 Be7 11. Ba6 bxa6 12. Qa4 O-O 13. Nxc6 Re8 14. Nxe7+ Rxe7 15. Nd2 Rb7 16. Qa3 Nd7 17. Rac1 Rb6 18. c4 Rc6 19. c5 e5 20. Bxe5 Nxe5 21. dxe5 Qc7 22. Nf3 Be4 23. Nd4 Rg6 24. f3 Qxe5 25. Qe3 1-0

[Event "CZE-ch Open 2019"]
[Site "Ostrava"]
[Date "2019.04.27"]
[Round "1.23"]
[White "Otruba, Marek"]
[Black "Jasny, Stanislav"]
[Result "0-1"]
[ECO "B07"]
[WhiteElo "2103"]
[BlackElo "2347"]
[Annotator "ChessBase"]
[PlyCount "76"]
[EventDate "2019.04.27"]
[EventType "swiss"]
[EventCountry "CZE"]
[SourceTitle "playchess.com"]
[Source "ChessBase"]
[SourceQuality "1"]
[TimeControl "40/5400+30:1800+30"]

1. d4 d6 2. e4 Nf6 3. Nc3 g6 4. Bf4 a6 5. Qd2 b5 6. a3 Bb7 7. f3 Nbd7 8. O-O-O Nb6 9. Bd3 Nfd7 10. h4 h6 11. Nh3 e6 12. Be3 Qe7 13. Qe2 Bg7 14. f4 O-O-O 15. Ng1 c5 16. e5 c4 17. exd6 Qxd6 18. Be4 Nd5 19. Bd2 Nxc3 20. Bxb7+ Kxb7 21. Bxc3 Nb6 22. Qe4+ Qd5 23. Qxd5+ Nxd5 24. g3 Ne3 25. Re1 Nf5 26. Ne2 Nxd4 27. Nxd4 Bxd4 28. Bxd4 Rxd4 29. h5 Rg8 30. Re5 gxh5 31. Rh3 h4 32. c3 Rd3 33. Rxh4 Rgxg3 34. Rxh6 Rg1+ 35. Kc2 Rg2+ 36. Kb1 Rd1+ 37. Ka2 Rgg1 38. b4 Rd2# 0-1

[Event "CZE-ch Open 2019"]
[Site "Ostrava"]
[Date "2019.04.28"]
[Round "2.10"]
[White "Serrano Salvador, Eduardo"]
[Black "Kociscak, Jiri"]
[Result "1/2-1/2"]
[ECO "D32"]
[WhiteElo "2305"]
[BlackElo "2496"]
[Annotator "RC"]
[PlyCount "61"]
[EventDate "2019.04.27"]
[EventType "swiss"]
[EventCountry "CZE"]
[SourceTitle "playchess.com"]
[Source "ChessBase"]
[SourceQuality "1"]
[TimeControl "40/5400+30:1800+30"]

1. d4 d5 2. c4 e6 3. Nf3 c5 4. cxd5 exd5 5. Nc3 Nc6 6. Bf4 Nf6 7. e3 c4 8. Be2 Bd6 9. Bxd6 Qxd6 10. O-O Rb8 11. a4 O-O 12. Nd2 Qb4 13. Bf3 Rd8 14. Qc2 Na5 15. e4 Nb3 16. Nxb3 cxb3 17. Qe2 dxe4 18. Nxe4 Be6 19. Nxf6+ gxf6 20. d5 Bxd5 21. Bxd5 Rxd5 22. Qf3 Rd6 23. Ra3 Rbd8 24. Rxb3 Qxa4 25. Rxb7 Rd1 26. g3 Kg7 27. Qb3 Rxf1+ 28. Kxf1 Rd1+ 29. Ke2 Qxb3 30. Rxb3 Rd7 31. h4 1/2-1/2

[Event "CZE-ch Open 2019"]
[Site "Ostrava"]
[Date "2019.04.28"]
[Round "2.19"]
[White "Svanda, Ondrej"]
[Black "Vanek, Tomas"]
[Result "1-0"]
[ECO "B30"]
[WhiteElo "2309"]
[BlackElo "2095"]
[Annotator "NA"]
[PlyCount "59"]
[EventDate "2019.04.27"]
[EventType "swiss"]
[EventCountry "CZE"]
[SourceTitle "playchess.com"]
[Source "ChessBase"]
[SourceQuality "1"]
[TimeControl "40/5400+30:1800+30"]

1. e4 c5 2. Nf3 Nc6 3. Nc3 Nf6 4. Bb5 Qc7 5. d3 Nd4 6. O-O a6 7. Bc4 d6 8. h3 h6 9. Be3 e5 10. Nd5 Nxd5 11. Bxd5 Nc6 12. c3 Ne7 13. Bb3 Bd7 14. d4 c4 15. Bc2 O-O-O 16. Qe2 f5 17. exf5 e4 18. Bxe4 d5 19. Bc2 Nxf5 20. Ne5 Nh4 21. Nf7 Bd6 22. Qh5 Be7 23. Nxh8 Rxh8 24. Rae1 g5 25. f4 Qd8 26. Bf2 Rg8 27. Bxh4 gxh4 28. Bf5 Kb8 29. Bxd7 Qxd7 30. Qf7 1-0

[Event "CZE-ch Open 2019"]
[Site "Ostrava"]
[Date "2019.04.28"]
[Round "2.21"]
[White "Blatny, Pavel"]
[Black "Bulockin, Martin"]
[Result "1-0"]
[ECO "A00"]
[WhiteElo "2326"]
[BlackElo "2199"]
[Annotator "NA"]
[PlyCount "89"]
[EventDate "2019.04.27"]
[EventType "swiss"]
[EventCountry "CZE"]
[SourceTitle "playchess.com"]
[Source "ChessBase"]
[SourceQuality "1"]
[TimeControl "40/5400+30:1800+30"]

1. e3 d5 2. f4 g6 3. d4 Bg7 4. Bd3 Nh6 5. Nf3 Bf5 (5... O-O 6. O-O c5 7. c3 Qc7 8. h3 Nf5 9. Re1 Nd6 10. b3 Bf5 11. Ba3 Nd7 12. Ne5 b6 13. dxc5 Nxc5 14. Bxf5 Nxf5 15. Bxc5 bxc5 16. Qxd5 {0-1 (48) Gouw,C (2579)-Stalmach,K (2547) ICCF email 2008}) 6. Qe2 {A03: Bird's Opening with 1...d5} Nd7 $146 ({Predecessor:} 6... O-O 7. Nbd2 c5 8. dxc5 Nd7 9. Bxf5 Nxf5 10. g4 Nh6 11. Ng5 e5 12. O-O Nxc5 13. Nb3 Nxb3 14. axb3 {0-1 (28) Bezulenko,E (1928)-Toivonen,A (2292) St Petersburg 2011}) 7. h3 Bxd3 8. Qxd3 c6 9. g4 e6 10. c4 Qe7 11. Nc3 f6 12. Bd2 dxc4 13. Qxc4 e5 14. dxe5 fxe5 15. O-O-O O-O-O 16. Ne4 Nb6 17. Qc2 Nf7 18. Kb1 Rd5 19. f5 Rhd8 20. Rhf1 gxf5 21. gxf5 Bh6 22. a3 R8d7 23. Rg1 c5 24. Rc1 Rc7 25. Nc3 Rd8 26. Nb5 Rcd7 27. Ba5 Qf6 28. Bxb6 Qxb6 29. Qxc5+ Qxc5 30. Rxc5+ Kb8 31. Nxe5 Re7 32. Nxf7 Rxf7 33. Re5 Bg7 34. Rc5 Bf8 35. Rg8 a6 36. Nd4 Rfd7 37. Re5 Bg7 38. Ree8 Rxe8 39. Rxe8+ Ka7 40. Ne6 Bf6 41. Rf8 Be5 42. Rd8 Rxd8 $18 43. Nxd8 Kb8 44. Ne6 b6 45. Nf8 1-0

[Event "CZE-ch Open 2019"]
[Site "Ostrava"]
[Date "2019.04.28"]
[Round "2.22"]
[White "Bartos, Jan"]
[Black "Malik, Jan"]
[Result "0-1"]
[ECO "D47"]
[WhiteElo "2178"]
[BlackElo "2286"]
[Annotator "NA"]
[PlyCount "80"]
[EventDate "2019.04.27"]
[EventType "swiss"]
[EventCountry "CZE"]
[SourceTitle "playchess.com"]
[Source "ChessBase"]
[SourceQuality "1"]
[TimeControl "40/5400+30:1800+30"]

1. c4 c6 2. Nc3 d5 3. e3 Nf6 4. Nf3 e6 5. d4 Nbd7 6. Bd3 dxc4 7. Bxc4 b5 8. Be2 Bb7 9. O-O a6 10. e4 c5 11. d5 {[%emt 0:00:10] D47: Semi-Slav: Meran System} exd5 12. e5 Ne4 13. Nxd5 Nb6 14. Nxb6 Qxb6 {[%emt 0:00:04] [#]} 15. a4 $146 ({Predecessor:} 15. Be3 Be7 16. a4 Qc6 17. e6 Nd6 18. axb5 axb5 19. Rxa8+ Bxa8 {0-1 (28) Aleksandrov,A (2615)-Bukavshin,I (2657) Khanty-Mansiysk 2015}) 15... c4 16. Be3 Bc5 17. Bxc5 Nxc5 18. axb5 Rd8 19. Qc2 axb5 20. Rfd1 O-O 21. Rxd8 Rxd8 $19 22. Rd1 Be4 23. Rxd8+ Qxd8 24. Qc3 Bxf3 25. Bxf3 Qd3 26. Qe1 Qc2 27. Qa1 Qa4 28. Qb1 Nd3 29. Be4 Qb3 30. h3 g6 31. Bxd3 cxd3 32. Qc1 Qd5 33. Qd2 Qxe5 34. Qxd3 Qxb2 35. g3 b4 36. f4 Qc3 37. Qd8+ Kg7 38. Kf2 b3 39. g4 b2 40. Qd1 Qb4 0-1

[Event "CZE-ch Open 2019"]
[Site "Ostrava"]
[Date "2019.04.28"]
[Round "2.23"]
[White "Obsivac, Josef"]
[Black "Havelka, Ondrej"]
[Result "1/2-1/2"]
[ECO "D55"]
[WhiteElo "2285"]
[BlackElo "2156"]
[Annotator "NA"]
[PlyCount "81"]
[EventDate "2019.04.27"]
[EventType "swiss"]
[EventCountry "CZE"]
[SourceTitle "playchess.com"]
[Source "ChessBase"]
[SourceQuality "1"]
[TimeControl "40/5400+30:1800+30"]

1. d4 d5 2. c4 e6 3. Nc3 Be7 4. Nf3 Nf6 5. Bg5 O-O 6. e3 h6 7. Bxf6 Bxf6 8. Qb3 c6 9. Be2 Nd7 10. O-O Qa5 11. Rfd1 dxc4 12. Bxc4 e5 13. Ne4 exd4 14. Nxf6+ Nxf6 15. Rxd4 Qc7 16. h3 b5 17. Be2 c5 $11 18. Rc1 Qb6 19. Rdd1 a6 20. Qc2 c4 21. Rd4 Be6 22. Rcd1 Rfc8 23. Rd6 Qa5 24. a3 Rd8 25. Rxd8+ Rxd8 26. Rxd8+ Qxd8 27. Nd4 Bd5 28. Qf5 Be4 29. Qc5 Nd7 30. Qd6 Qg5 31. Bf3 Bxf3 32. Nxf3 Qf5 33. e4 Qe6 34. Qd4 Qe7 35. Qd5 Nc5 36. Ne5 Na4 37. Nc6 Qe6 38. Qd8+ Kh7 39. Ne7 f6 40. Qe8 Nxb2 41. Qg6+ 1/2-1/2

[Event "CZE-ch Open 2019"]
[Site "Ostrava"]
[Date "2019.04.28"]
[Round "2.24"]
[White "Jun, Rudolf Jr."]
[Black "Vybiral, Zdenek"]
[Result "1-0"]
[ECO "C00"]
[WhiteElo "2138"]
[BlackElo "2274"]
[Annotator "NA"]
[PlyCount "77"]
[EventDate "2019.04.27"]
[EventType "swiss"]
[EventCountry "CZE"]
[SourceTitle "playchess.com"]
[Source "ChessBase"]
[SourceQuality "1"]
[TimeControl "40/5400+30:1800+30"]

1. e4 e6 2. Nf3 d5 3. e5 c5 4. b4 c4 5. a3 (5. c3 a5 6. b5 Nd7 7. d4 cxd3 8. Bxd3 Qc7 9. Qe2 Ne7 10. Bf4 h6 11. h4 g6 12. O-O Bg7 13. Nbd2 b6 14. c4 {1-0 (49) Bortnyk,O (2568)-Stupak,K (2535) Lvov 2016}) 5... a5 6. b5 {[%emt 0:05:36] C00: French: Unusual White 2nd moves} a4 7. d3 cxd3 8. cxd3 $146 ({Predecessor:} 8. Bxd3 Nd7 9. c3 Nc5 10. Bc2 Bd7 11. Nd4 Qc7 12. Qe2 Ne7 {0-1 (27) Rovnov,V (1834)-Tyapkin,P (1725) Saratov 2014}) 8... Nd7 9. d4 Nb6 10. Bd3 Bd7 11. Nc3 Rc8 12. Bd2 Nc4 13. Bxc4 Rxc4 14. O-O Ne7 15. Nxa4 Bxb5 16. Nc5 Bc6 17. Qb3 b6 18. Nd3 Nf5 19. Nb2 Nxd4 20. Nxd4 Rxd4 $16 21. Be3 Re4 22. Rfc1 Bd7 23. Bxb6 Qb8 24. Nd3 Be7 25. Rab1 O-O 26. Rc7 Ba4 27. Qc3 Re8 28. Rb2 Qa8 29. f3 Rc4 30. Rxc4 dxc4 31. Qxc4 Rc8 32. Qd4 Bc6 33. Rc2 Qxa3 34. Bc5 Qb3 35. Rc1 Bg5 36. f4 Rd8 37. Bd6 Bb5 38. Nc5 Qa3 39. Ra1 1-0

[Event "CZE-ch Open 2019"]
[Site "Ostrava"]
[Date "2019.04.28"]
[Round "2.25"]
[White "Jurek, Josef"]
[Black "Ockay, Tomas"]
[Result "1-0"]
[ECO "A05"]
[WhiteElo "2269"]
[BlackElo "2131"]
[Annotator "NA"]
[PlyCount "85"]
[EventDate "2019.04.27"]
[EventType "swiss"]
[EventCountry "CZE"]
[SourceTitle "playchess.com"]
[Source "ChessBase"]
[SourceQuality "1"]
[TimeControl "40/5400+30:1800+30"]

1. Nf3 Nf6 2. c4 b6 3. g3 Bb7 4. Bg2 e6 5. O-O Be7 6. d4 O-O 7. Re1 Qc8 8. Bf4 {[%emt 0:04:05] E17: Queen's Indian: 4 g3 Bb7 5 Bg2 Be7} (8. Nc3 Ne4 9. Bd2 f5 10. Rc1 d6 11. d5 e5 12. Bh3 Nxd2 13. Nxd2 g5 14. f3 g4 15. fxg4 fxg4 {½-½ (26) Ivanchuk,V (2717)-Andreikin,D (2719) Sitges 2018}) 8... d6 9. Nc3 Ne4 10. Rc1 $146 ({Predecessor:} 10. Nxe4 Bxe4 11. Bh3 Bf6 12. Ng5 Bxg5 13. Bxg5 Qa6 14. f3 Bb7 15. b3 Qa5 {½-½ (64) Makhnyov,D (2375)-Nguyen Dang Hong,P (2209) Khanty-Mansiysk 2016}) 10... Nd7 11. d5 Nxc3 12. Rxc3 Bf6 13. Rc2 a5 14. b3 Nc5 15. e4 e5 16. Bc1 Qg4 17. h3 Qg6 18. Qe2 Bc8 19. Nh2 Bd7 20. h4 h5 21. Bf3 Qh7 22. Rc3 g6 23. Bd2 Bg7 24. a3 f5 25. exf5 Bxf5 26. g4 hxg4 27. Bxg4 Qxh4 28. Rg3 Ne4 29. Qxe4 Bxe4 30. Rxe4 Rf7 31. Nf3 Qe7 32. Be6 Kf8 33. Ng5 Rf5 34. Nh7+ Ke8 35. Rxg6 Rh5 36. Ng5 c5 $18 (36... Qf8 $11 {and Black has nothing to worry.} 37. Bg4 Rh6 38. Re6+ Rxe6 39. Nxe6 Qh8 40. Nxc7+ {[%mdl 64] Double Attack} Ke7 41. Nxa8 Qxa8) 37. Rg4 Ra7 38. Bf7+ Kd8 39. Rxg7 Qf6 40. Ne6+ Kc8 41. Rg8+ Kb7 42. Bxh5 Ka6 43. Rf8 1-0

[Event "CZE-ch Open 2019"]
[Site "Ostrava"]
[Date "2019.04.28"]
[Round "2.26"]
[White "Taus, Martin"]
[Black "Vrana, Frantisek"]
[Result "1/2-1/2"]
[ECO "C01"]
[WhiteElo "2104"]
[BlackElo "2267"]
[Annotator "NA"]
[PlyCount "88"]
[EventDate "2019.04.27"]
[EventType "swiss"]
[EventCountry "CZE"]
[SourceTitle "playchess.com"]
[Source "ChessBase"]
[SourceQuality "1"]
[TimeControl "40/5400+30:1800+30"]

1. e4 e6 2. d4 d5 3. exd5 exd5 4. Nf3 Bd6 5. c4 Nf6 6. c5 Be7 7. Bd3 O-O {[%emt 0:00:35] C01: French: Exchange Variation} 8. h3 (8. O-O b6 9. Be3 Nc6 10. h3 bxc5 11. dxc5 Rb8 12. Nbd2 d4 13. Bg5 Nd5 14. Bxe7 Qxe7 15. Nb3 {1-0 (69) Tregubov,P (2592)-Kobo,O (2494) St Petersburg 2018}) 8... b6 9. cxb6 axb6 10. O-O c5 11. Nc3 Nc6 12. Bg5 h6 13. Bxf6 $146 ({Predecessor:} 13. Bh4 Be6 {0-1 (40) Janev,P (2262)-Kosic,D (2478) Skopje 2015}) 13... Bxf6 14. dxc5 bxc5 15. Nxd5 Bxb2 16. Rb1 Bd4 17. Nb6 Rxa2 18. Be4 Ne7 19. Nxc8 Nxc8 20. Nxd4 cxd4 21. Rb4 Ra6 22. Rxd4 Rd6 23. Rxd6 Nxd6 24. Bb1 Qf6 25. Qd3 g6 26. Rd1 Rd8 27. Qd4 Qe7 28. Qf4 Kg7 29. Kh2 h5 30. h4 Rd7 $11 31. Bc2 Ne8 32. Rxd7 Qxd7 33. Ba4 Qd6 34. Kg3 Nf6 35. Qxd6 Ne4+ 36. Kf4 Nxd6 37. f3 Nf5 38. g3 Kf6 39. Bd7 Nd4 40. g4 Ne2+ 41. Ke3 Nc3 42. Kd4 Ne2+ 43. Ke3 Nc3 44. Kd4 Ne2+ 1/2-1/2

[Event "CZE-ch Open 2019"]
[Site "Ostrava"]
[Date "2019.04.28"]
[Round "2.27"]
[White "Freisler, Pavel"]
[Black "Otruba, Marek"]
[Result "1/2-1/2"]
[ECO "A13"]
[WhiteElo "2245"]
[BlackElo "2103"]
[Annotator "NA"]
[PlyCount "105"]
[EventDate "2019.04.27"]
[EventType "swiss"]
[EventCountry "CZE"]
[SourceTitle "playchess.com"]
[Source "ChessBase"]
[SourceQuality "1"]
[TimeControl "40/5400+30:1800+30"]

1. Nf3 Nf6 2. c4 e6 3. g3 d5 4. Bg2 dxc4 5. Qa4+ c6 6. Qxc4 b5 7. Qb3 Bb7 8. a4 a6 9. O-O Nbd7 10. d4 c5 11. axb5 Bd5 12. Qc2 {[%emt 0:08:51] D30: Queen's Gambit Declined: Systems without Nc3} (12. Qd1 axb5 13. Rxa8 Qxa8 14. Nc3 Bc6 15. Bg5 Be7 16. dxc5 b4 17. Nb1 Bxc5 18. Bxf6 Nxf6 19. Qc2 Qa7 {1-0 (58) Almasi,Z (2707)-Horvath,A (2530) Bastia 2013}) 12... axb5 13. Rxa8 Qxa8 14. Bg5 $146 ({Predecessor:} 14. Nc3 Bc6 15. Nh4 b4 16. Nb5 Qb7 17. Bxc6 Qxc6 18. Qa4 Be7 19. dxc5 Bxc5 {0-1 (43) Abu Sufian,S (2322)-Ghaem Maghami,E (2564) Teheran 2017}) 14... c4 15. Nbd2 Bd6 16. Nh4 Bxg2 17. Nxg2 Nd5 18. e4 Nb4 19. Qc3 O-O 20. b3 Rc8 21. bxc4 bxc4 22. Ra1 Qc6 23. Bf4 Be7 24. Rb1 Nd3 25. Be3 Qa4 26. Ne1 Nxe1 27. Rxe1 Bb4 28. Ra1 Bxc3 29. Rxa4 Bxd2 30. Bxd2 c3 31. Bc1 f5 32. exf5 exf5 33. Kf1 Nb6 34. Rb4 Nd5 35. Rb5 Rd8 36. Ke2 Nc7 37. Rxf5 $11 Rxd4 38. Rc5 Nd5 39. Be3 Nxe3 40. Kxe3 Ra4 41. Rxc3 Kf7 42. Kf3 h5 43. h3 Kg6 44. Re3 Kf5 45. Re7 Ra3+ 46. Kg2 Kf6 47. Re3 Ra4 48. f4 h4 49. Re5 Ra2+ 50. Kf3 Ra3+ 51. Re3 Rxe3+ 52. Kxe3 hxg3 53. Ke4 {Ke5+} 1/2-1/2

[Event "CZE-ch Open 2019"]
[Site "Ostrava"]
[Date "2019.04.28"]
[Round "2.28"]
[White "Holy, Filip"]
[Black "Zeman, Matyas"]
[Result "0-1"]
[ECO "D57"]
[WhiteElo "2096"]
[BlackElo "2244"]
[Annotator "NA"]
[PlyCount "44"]
[EventDate "2019.04.27"]
[EventType "swiss"]
[EventCountry "CZE"]
[SourceTitle "playchess.com"]
[Source "ChessBase"]
[SourceQuality "1"]
[TimeControl "40/5400+30:1800+30"]

1. d4 e6 2. c4 d5 3. Nf3 Nf6 4. Nc3 Be7 5. Bg5 O-O 6. e3 h6 7. Bh4 Ne4 8. Bxe7 Qxe7 9. cxd5 Nxc3 10. bxc3 exd5 11. Qb3 c6 12. Bd3 Be6 13. O-O Qc7 14. Rfb1 b6 15. c4 Nd7 16. a4 Rfc8 17. Rc1 Qd6 18. Rc3 c5 19. cxd5 Bxd5 20. Bc4 cxd4 21. Nxd4 Rxc4 22. Rxc4 Ne5 0-1

[Event "CZE-ch Open 2019"]
[Site "Ostrava"]
[Date "2019.04.28"]
[Round "2.29"]
[White "Liska, Jiri"]
[Black "Kolar, Stanislav"]
[Result "1-0"]
[ECO "A35"]
[WhiteElo "2236"]
[BlackElo "2091"]
[Annotator "NA"]
[PlyCount "119"]
[EventDate "2019.04.27"]
[EventType "swiss"]
[EventCountry "CZE"]
[SourceTitle "playchess.com"]
[Source "ChessBase"]
[SourceQuality "1"]
[TimeControl "40/5400+30:1800+30"]

1. Nf3 Nf6 2. c4 c5 3. Nc3 Nc6 4. g3 e6 5. Bg2 Qb6 6. O-O d5 $146 {A34: Symmetrical English: 2 Nc3, lines with ...d5} ({Predecessor:} 6... Be7 7. b3 O-O 8. Bb2 (8. Na4 Qa6 9. d4 cxd4 10. Nxd4 d5 11. cxd5 {½-½ (56) Smerda,R (2315)-Paulik,V (2333) ICCF email 2014}) 8... d5 9. cxd5 exd5 10. d4 c4 11. e3 Rd8 12. Na4 Qc7 13. Nc3 a6 14. bxc4 dxc4 {1-0 (53) Delchev,A (2552)-Tilicheev,V (2507) Skopje 2018}) 7. cxd5 exd5 8. d4 cxd4 9. Na4 Qa6 10. Nxd4 Be7 11. b3 O-O 12. Bb2 Re8 13. Nxc6 bxc6 14. Qc2 Bg4 15. e3 Rac8 16. Nc5 Qe2 17. Qxe2 Bxe2 18. Rfc1 Bd6 19. Rc2 Bg4 20. Nb7 Be5 21. Bxe5 Rxe5 22. Rac1 h5 23. Na5 ({Less strong is} 23. Rxc6 Rxc6 24. Rxc6 d4 $16) 23... Bd7 24. b4 Rce8 25. Bf3 g5 26. Nxc6 Rf5 27. Nd4 Rfe5 28. Rc7 g4 29. Be2 Ra8 30. Bd3 Kf8 31. Rb7 Bc8 32. Rbc7 Bd7 33. R1c5 a6 34. Ra5 Bc8 35. b5 Ne8 36. Rc5 Nd6 37. bxa6 Re7 38. Rxd5 Ne8 39. Rd8 Rd7 40. Rxd7 Bxd7 41. Rxh5 Bc8 42. Nf5 Bxf5 43. Rxf5 Ke7 44. Rf4 Nf6 45. Rb4 Kd6 46. Rb7 Nd7 47. Bf1 f5 48. h4 gxh3 49. Kh2 Nc5 50. Rh7 Ne4 51. Bxh3 Nxf2 52. a7 Ke5 53. Bg2 Ne4 54. Bxe4 Kxe4 $18 55. Kg2 Kxe3 56. Re7+ Kd4 57. Kf3 Kd5 58. Kf4 Kd6 59. Rh7 Kd5 60. Kxf5 1-0

[Event "CZE-ch Open 2019"]
[Site "Ostrava"]
[Date "2019.04.28"]
[Round "2.30"]
[White "Valencik, Jozef"]
[Black "Jedlicka, Ales"]
[Result "1/2-1/2"]
[ECO "A45"]
[WhiteElo "2057"]
[BlackElo "2236"]
[Annotator "ChessBase"]
[PlyCount "123"]
[EventDate "2019.04.27"]
[EventType "swiss"]
[EventCountry "CZE"]
[SourceTitle "playchess.com"]
[Source "ChessBase"]
[SourceQuality "1"]
[TimeControl "40/5400+30:1800+30"]

1. d4 Nf6 2. Bf4 e6 3. Nf3 c5 4. e3 Nc6 5. c3 d5 6. Nbd2 Bd6 7. Bg3 O-O 8. Bd3 b6 9. e4 Be7 10. e5 Nd7 11. h4 f5 12. exf6 Nxf6 13. Ne5 Bb7 14. Qe2 Nxe5 15. dxe5 Ne8 16. Qh5 g6 17. Qg4 Ng7 18. O-O-O b5 19. Nf3 d4 20. h5 g5 21. h6 Nf5 22. Nxg5 Bxg5+ 23. Bf4 Nxh6 24. Qxg5+ Qxg5 25. Bxg5 Nf5 26. Bxb5 Rf7 27. Bc4 Re8 28. Bf6 Be4 29. Rhe1 Bc6 30. Bd3 Rd7 31. g4 Ne7 32. c4 Ng6 33. Be4 Bb7 34. Bxb7 Rxb7 35. Re4 Rb4 36. b3 a5 37. Rd3 a4 38. Kc2 axb3+ 39. axb3 Ra8 40. Kb2 Rb7 41. Rf3 Rba7 42. b4 Ra2+ 43. Kb1 Ra1+ 44. Kb2 R1a2+ 45. Kb1 R2a4 46. Rb3 Ra1+ 47. Kc2 R8a2+ 48. Rb2 d3+ 49. Kc3 Rc1+ 50. Kd2 Rxb2+ 51. Kxc1 Rxb4 52. f4 Kf7 53. Kd2 Rb3 54. Bg5 Rb2+ 55. Kxd3 Rg2 56. f5 exf5 57. e6+ Ke8 58. gxf5 Rxg5 59. fxg6 hxg6 60. e7 Rg3+ 61. Kd2 Rf3 62. Re5 1/2-1/2

[Event "CZE-ch Open 2019"]
[Site "Ostrava"]
[Date "2019.04.28"]
[Round "2.32"]
[White "Pavlicek, Lukas"]
[Black "Ludvik, Tomas"]
[Result "0-1"]
[ECO "C01"]
[WhiteElo "1963"]
[BlackElo "2222"]
[Annotator "NA"]
[PlyCount "98"]
[EventDate "2019.04.27"]
[EventType "swiss"]
[EventCountry "CZE"]
[SourceTitle "playchess.com"]
[Source "ChessBase"]
[SourceQuality "1"]
[TimeControl "40/5400+30:1800+30"]

1. e4 e6 2. d4 d5 3. exd5 exd5 4. Nf3 Bd6 5. c4 dxc4 6. Bxc4 Nf6 7. O-O O-O 8. Bg5 h6 9. Bh4 {[%emt 0:02:19] D20: Queen's Gambit Accepted: 3 e3 and 3 e4} Nc6 10. Nc3 Bg4 11. Bd5 g5 $146 ({Predecessor:} 11... Bxf3) 12. Bxc6 bxc6 13. Bg3 Rb8 14. b3 Qd7 15. Be5 Nd5 16. Nxd5 cxd5 17. Bxd6 Qxd6 18. Qd3 Bxf3 19. Qxf3 Rfe8 20. Rac1 Re6 21. Rc5 c6 22. Rfc1 Rbe8 23. g3 Re1+ 24. Rxe1 Rxe1+ 25. Kg2 Qe6 26. Rc3 g4 27. Qd3 h5 28. Rc2 f5 29. Rd2 f4 30. gxf4 h4 31. Rd1 Re4 32. Rf1 h3+ 33. Kg1 Rxf4 34. Qe3 Qf7 35. Re1 Kh7 36. Qe7 Qxe7 37. Rxe7+ Kg6 38. Re6+ Kf5 39. Rxc6 Rxd4 40. Rc1 Rd2 41. a4 d4 42. Kf1 d3 43. Ke1 Re2+ 44. Kf1 Rc2 45. Rd1 Ke4 46. Ke1 {[#]} Re2+ (46... g3 $142 $1 47. fxg3 Ke3 48. b4 d2+ 49. Rxd2 Rxd2 50. g4 Rxh2 51. Kd1 Rd2+ 52. Kc1 h2 53. g5 h1=Q#) 47. Kf1 Rb2 48. Rc1 d2 49. Rd1 Ke5 0-1

[Event "CZE-ch Open 2019"]
[Site "Ostrava"]
[Date "2019.04.28"]
[Round "2.33"]
[White "Babula, Milan"]
[Black "Koubova, Anna Marie"]
[Result "1/2-1/2"]
[ECO "B53"]
[WhiteElo "2204"]
[BlackElo "2005"]
[Annotator "NA"]
[PlyCount "64"]
[EventDate "2019.04.27"]
[EventType "swiss"]
[EventCountry "CZE"]
[SourceTitle "playchess.com"]
[Source "ChessBase"]
[SourceQuality "1"]
[TimeControl "40/5400+30:1800+30"]

1. e4 c5 2. Nf3 d6 3. d4 cxd4 4. Qxd4 a6 5. c4 Nf6 6. Nc3 e6 7. Be2 Be7 8. O-O O-O 9. b3 Qc7 10. Bb2 Nbd7 11. Rac1 b6 12. Bd3 Bb7 $11 13. Bb1 Rac8 14. h3 Rfd8 15. Qe3 Re8 16. Rfe1 Qb8 17. Nd4 Bf8 18. Qg3 g6 19. Rcd1 Nh5 20. Qg5 Bg7 21. Qd2 Nhf6 22. Nde2 Nc5 23. Ng3 Red8 24. Qe2 Qc7 25. Kh1 Qc6 26. f3 Qc7 27. Qf2 Qb8 28. Bc2 Qc7 29. b4 Ncd7 30. Bb3 Qb8 31. Nf1 Ba8 32. Qe2 Nh5 1/2-1/2

[Event "CZE-ch Open 2019"]
[Site "Ostrava"]
[Date "2019.04.28"]
[Round "2.34"]
[White "Belunek, Vladimir"]
[Black "Vorisek, Jakub"]
[Result "1-0"]
[ECO "D02"]
[WhiteElo "2201"]
[BlackElo "1991"]
[Annotator "NA"]
[PlyCount "135"]
[EventDate "2019.04.27"]
[EventType "swiss"]
[EventCountry "CZE"]
[SourceTitle "playchess.com"]
[Source "ChessBase"]
[SourceQuality "1"]
[TimeControl "40/5400+30:1800+30"]

1. d4 d5 2. Nf3 e6 3. Bf4 Bd6 4. Bg3 c5 5. e3 Nc6 6. c3 {[%emt 0:01:08] D02: 1 d4 d5 2 Nf3 sidelines, including 2...Nf6 3 g3 and 2...Nf6 3 Bf4} Nge7 7. Bd3 O-O (7... h6 8. dxc5 Bxc5 9. Nbd2 O-O 10. O-O Nf5 11. Bxf5 exf5 12. Nb3 Bb6 13. Qd3 {1-0 (52) Carlsen,M (2832)-Topalov,V (2749) Paris 2017}) 8. Nbd2 c4 9. Bc2 f5 $146 ({Predecessor:} 9... h6 10. b3 b5 11. a4 Bxg3 12. hxg3 {0-1 (39) Kostelidou,D (1143)-Chatzipanagiotou,A (1137) Porto Rio 2016}) 10. b4 b5 11. a4 bxa4 12. Bxa4 Qc7 13. O-O Bd7 14. b5 Nb8 15. Ne5 Be8 16. Qb1 ({White should try} 16. Qf3 $16) 16... Nd7 17. Ndf3 Ng6 18. Ng5 Rf6 19. Nxd7 Bxd7 20. b6 axb6 21. Bxd7 Rxa1 22. Bxe6+ Rxe6 23. Qxa1 Re8 24. Qa4 Rc8 25. Rb1 Bxg3 26. hxg3 h6 27. Nf3 Qd6 28. Qa7 Rb8 29. Rb5 Kh7 30. Qf7 Ne7 31. Ne5 Rd8 32. Kh2 Qf6 33. Qxf6 gxf6 34. Nf3 Rd6 35. Ng1 Nc8 36. Ne2 Na7 37. Rb1 b5 38. Nf4 Kg7 39. Kh3 Kf7 40. Ra1 Nc8 41. Ra8 Nb6 42. Ra6 Nc8 43. Ra5 b4 44. cxb4 Nb6 45. Ra7+ Ke8 46. Ne2 Rc6 47. Nc3 Nc8 48. Ra8 Kd7 49. Ra5 Nb6 50. g4 Ke6 51. Kg3 fxg4 52. Kxg4 Rd6 53. Kf4 Nd7 54. f3 Nb8 55. b5 Nd7 56. Ra8 Nb6 57. Re8+ Kf7 58. Rb8 Nd7 59. Rh8 Nf8 60. Rxh6 Ne6+ 61. Kg3 f5 62. Kf2 Kg7 63. Rh1 Nc7 64. Ra1 Kf6 65. Ra7 Ne6 66. Ke2 f4 67. Kd2 Ng7 68. e4 $18 1-0